[Event "*** SCC Grand Prix: Titled Tuesday Blitz"]
[Site "Chess.com"]
[Date "2020.06.09"]
[Round "3"]
[White "shineatchess"]
[Black "Tsyhanchuk_Stanislav"]
[Result "0-1"]
[WhiteElo "2197"]
[BlackElo "2417"]
[TimeControl "180+1"]
[EndTime "9:29:10 PDT"]
[Termination "Tsyhanchuk_Stanislav won on time"]

1. e4 c5 2. Nf3 Nc6 3. Bb5 Qb6 4. Nc3 e6 5. O-O a6 6. Bxc6 Qxc6 7. d3 Ne7 8. a4 Ng6 9. a5 d6 10. Na4 Bd7 11. Nb6 Rd8 12. Bg5 Be7 13. Bxe7 Nxe7 14.
Re1 e5 15. Nxd7 Rxd7 16. Nd2 O-O 17. Nc4 f5 18. Qd2 f4 19. f3 Rf6 20. b4 Ng6 21. Nb6 Rd8 22. Nd5 Rf7 23. bxc5 Qxc5+ 24. Kh1 Ne7 25. c4 Nc6 26. Reb1 Nd4 27. Qb4 Rc8 28.
Qxc5 Rxc5 29. Rb6 Rd7 30. h3 h5 31. Rab1 Rxa5 32. Rxb7 Rxb7 33. Rxb7 Ra1+ 34. Kh2 Ne2 35. g4 hxg4 36. hxg4 Nd4 37. Kg2 Ra2+ 38. Kh3 Nxf3 39. g5 Nxg5+ 40. Kg4 Rg2+ 41. Kf5 f3 42. Rb8+ Kh7 43.
Ne7 f2 0-1

[Event "*** SCC Grand Prix: Titled Tuesday Blitz"]
[Site "Chess.com"]
[Date "2020.06.09"]
[Round "3"]
[White "allvim"]
[Black "Gerodot71"]
[Result "0-1"]
[WhiteElo "2208"]
[BlackElo "2391"]
[TimeControl "180+1"]
[EndTime "9:29:10 PDT"]
[Termination "Gerodot71 won by resignation"]

1. e4 e5 2. Nf3 Nc6 3. Bc4 Nf6 4. O-O Nxe4 5. Nc3 Nf6 6. Re1 Be7 7. Nxe5 Nxe5 8.
Rxe5 O-O 9. d4 d6 10. Re1 d5 11. Bd3 h6 12. Bf4 c6 13. Qe2 Be6 14. h3 Re8 15. Qf3 Qd7 16. Re2 Bf5 17. Rae1 Bxd3 18. Qxd3 Bf8 19.
Qf3 Rxe2 20. Rxe2 Re8 21. Bxh6 Rxe2 22. Nxe2 Ne4 23. Bf4 Qe6 24. Nc3 Nxc3 25. Qxc3 f6 26. Qe3 Qf5 27. c3 Qb1+ 28. Kh2 Qxa2 29. Qe8 Qxb2 30.
Bd6 Qxc3 31. Qxf8+ Kh7 32. Bg3 Qxd4 33. Qb8 Qb6 34. f3 a6 35. h4 c5 36. h5 Qc6 37.
h6 Kxh6 38. Qh8+ Kg6 39. f4 d4 40. Qh3 a5 41. f5+ Kf7 42. Qh5+ Kg8 43. Qg6 a4 44.
Bf4 a3 45. Bh6 Qc7+ 46. Kh3 Qf7 47. Qg3 a2 48. Qa3 gxh6 0-1

[Event "*** SCC Grand Prix: Titled Tuesday Blitz"]
[Site "Chess.com"]
[Date "2020.06.09"]
[Round "3"]
[White "Kapibara_Warri0r"]
[Black "kuba2006"]
[Result "1-0"]
[WhiteElo "2127"]
[BlackElo "2334"]
[TimeControl "180+1"]
[EndTime "9:29:10 PDT"]
[Termination "Kapibara_Warri0r won by resignation"]

1. e4 Nf6 2. e5 Nd5 3. c4 Nb6 4. d4 d6 5. exd6 exd6 6. Nc3 Be7 7. Bd3 Nc6 8. Nge2 O-O 9. O-O Bf6 10. Be3 Bg4 11. f3 Re8 12. Bf2 Bh5 13. Ne4 d5 14. Nxf6+ Qxf6 15. c5 Nc8 16. a3 a5 17. Rb1 N8e7 18.
b4 axb4 19. axb4 Bg6 20. b5 Na5 21. Bg3 Bxd3 22. Qxd3 c6 23. Be5 Qg6 24. Qc3 f6 25. Nf4 Qf5 26. Bd6 Nc4 27. Nh3 Ng6 28. Bg3 Qe6 29.
Rfe1 Qd7 30. Rxe8+ Rxe8 31. bxc6 bxc6 32. Nf4 Re3 33. Qb4 Nxf4 34. Bxf4 Re2 35. Qb8+ Kf7 36. Rb7 Re1+ 37. Kf2 Re7 38. Rxd7 Rxd7 39. Qc8 Ra7 40. Qxc6 Ra2+ 41. Kg3 Re2 42. Qxd5+ 1-0

[Event "*** SCC Grand Prix: Titled Tuesday Blitz"]
[Site "Chess.com"]
[Date "2020.06.09"]
[Round "3"]
[White "Ruchess27"]
[Black "volcanoexplorer"]
[Result "0-1"]
[WhiteElo "2307"]
[BlackElo "2552"]
[TimeControl "180+1"]
[EndTime "9:29:11 PDT"]
[Termination "volcanoexplorer won on time"]

1. d4 Nf6 2. c4 e6 3. Nf3 d5 4. Nc3 Be7 5. Bf4 O-O 6. e3 b6 7. Qc2 Bb7 8. Rd1 Nbd7 9. Bd3 dxc4 10. Bxc4 a6 11. a3 Qc8 12. O-O c5 13. Ba2 Bxf3 14. gxf3 cxd4 15. exd4 Nd5 16. Bxd5 exd5 17. Qf5 Nf6 18.
Nxd5 Nxd5 19. Qxd5 Qh3 20. Bg3 h5 21. Qb7 Bf6 22.
Be5 Bxe5 23. dxe5 Rae8 24. Rfe1 Re6 25. Kh1 Rfe8 26. f4 h4 27. Rg1 Qf5 28. Rd4 Qc2 29. Rd7 Qf5 30. Rd4 g6 31. Qd5 Qc2 32. Qd7 Qxf2 33.
Qb7 h3 0-1

[Event "*** SCC Grand Prix: Titled Tuesday Blitz"]
[Site "Chess.com"]
[Date "2020.06.09"]
[Round "3"]
[White "DishonorOnYourCow"]
[Black "temus_galaktionov"]
[Result "0-1"]
[WhiteElo "2288"]
[BlackElo "2711"]
[TimeControl "180+1"]
[EndTime "9:29:11 PDT"]
[Termination "temus_galaktionov won on time"]

1. d4 c6 2. c4 g6 3. Nc3 Bg7 4. e4 d6 5. f4 Nd7 6. Nf3 e5 7.
fxe5 dxe5 8. d5 Ngf6 9. Be2 O-O 10. O-O Qe7 11. Kh1 cxd5 12. cxd5 h6 13. d6 Qd8 14.
Be3 a6 15. Qb3 Qa5 16. a4 Nc5 17. Qc4 Ne6 18. b4 Qd8 19. Rad1 Bd7 20. Nxe5 Rc8 21. Qb3 Nxe4 22. Nxe4 Bxe5 23. Bf2 Nf4 24. Bf3 Be6 25.
Qe3 Nd5 26. Qxh6 Bg7 27. Qd2 Rc4 28. Ng5 Nc3 29. Nxe6 fxe6 30. Rde1 Qd7 31. Qd3 Rxb4 32. Qxg6 Rf6 33. Qg5 Qxd6 34. Bc5 Qf4 35. Qxf4 Rbxf4 36. Be3 R4f5 37. Rg1 Rf7 38. a5 Rxa5 39. Bg4 Re5 40. Bd2 Rxe1 41. Rxe1 Kh8 42. Bxe6 Rf2 43. Be3 Rc2 44. h3 a5 45. Bb3 Rb2 46. Bc4 b5 47.
Bf7 a4 48. Bc5 Rb1 49. Rxb1 Nxb1 50. Be8 a3 0-1

[Event "*** SCC Grand Prix: Titled Tuesday Blitz"]
[Site "Chess.com"]
[Date "2020.06.09"]
[Round "3"]
[White "VladimirBugayev"]
[Black "SilviusTiberius"]
[Result "0-1"]
[WhiteElo "2262"]
[BlackElo "2467"]
[TimeControl "180+1"]
[EndTime "9:29:11 PDT"]
[Termination "SilviusTiberius won on time"]

1. e4 e5 2. Nf3 Nc6 3. Nc3 Nf6 4. d4 exd4 5. Nxd4 Bb4 6. Nxc6 bxc6 7. Bd3 d5 8. exd5 O-O 9. O-O cxd5 10. h3 c6 11. Qf3 Re8 12. Bg5 h6 13. Bf4 Bd6 14. Rfe1 Be6 15. Na4 Rb8 16. b3 Rb4 17. Bxd6 Qxd6 18.
Rad1 Rf4 19. Qe3 d4 20. Qe5 Qxe5 21. Rxe5 Bd5 22. Rxe8+ Nxe8 23. Re1 Kf8 24. Nc5 Nf6 25.
Re5 g5 26. f3 Nh5 27. Kf2 a5 28. Be2 Kg7 29. Nb7 Rf6 30. Nxa5 Nf4 31. Bc4 Bxc4 32.
Nxc4 d3 33. Re1 dxc2 34. Kf1 Nd3 35. Ra1 c1=Q+ 36. Rxc1 Nxc1 37. Ke1 Nxa2 38. Kd2 c5 39. Kc2 Nb4+ 40. Kc3 Re6 41. Nd2 Re3+ 42. Kc4 Rd3 43.
Ne4 Rd4+ 44. Kxc5 Rxe4 0-1

[Event "*** SCC Grand Prix: Titled Tuesday Blitz"]
[Site "Chess.com"]
[Date "2020.06.09"]
[Round "3"]
[White "Denis_Palkovich"]
[Black "harkerchess"]
[Result "0-1"]
[WhiteElo "2300"]
[BlackElo "2027"]
[TimeControl "180+1"]
[EndTime "9:29:11 PDT"]
[Termination "harkerchess won on time"]

1. d4 d5 2. Bf4 Nf6 3. e3 c5 4. c3 Nc6 5. Nd2 e6 6. Bd3 cxd4 7.
exd4 Qb6 8. Qb3 Qxb3 9. axb3 a6 10. b4 Nd8 11. b5 a5 12. b4 b6 13. bxa5 bxa5 14.
Ra4 Nh5 15. Be5 f6 16. Bc7 Nb7 17. g4 Bd6 18. Bxd6 Nxd6 19. gxh5 Bd7 20. Nb3 Bxb5 21.
Bxb5+ Nxb5 22. Rxa5 Rxa5 23. Nxa5 Nxc3 24. Ne2 Ne4 25. f3 Nd6 26. Kf2 Nf5 27. Nb7 O-O 28. Nc5 Re8 29. Rd1 Kf7 30. Ng3 Nd6 31. Ra1 Nb5 32.
Ke3 e5 33. Ne2 exd4+ 34. Kd3 Re3+ 35. Kd2 Rxf3 36. Ra5 Nd6 37. Ra7+ Kg8 38. Ne6 Ne8 39. N2xd4 Rh3 40. Nf5 Rxh2+ 41. Kd3 Rxh5 42. Ne7+ Kf7 43. Nxd5+ Kg8 44. Ndf4 Rb5 45. Re7 Rb8 46. Ke3 f5 47. Nd5 h6 48. Nef4 g5 49. Nh5 Rd8 50. Rxe8+ Rxe8+ 0-1

[Event "*** SCC Grand Prix: Titled Tuesday Blitz"]
[Site "Chess.com"]
[Date "2020.06.09"]
[Round "3"]
[White "oskariot"]
[Black "Sam_ChessMood"]
[Result "1-0"]
[WhiteElo "2649"]
[BlackElo "2815"]
[TimeControl "180+1"]
[EndTime "9:29:12 PDT"]
[Termination "oskariot won on time"]

1. e4 c6 2. d4 d5 3. Nd2 dxe4 4. Nxe4 Bf5 5. Ng3 Bg6 6. c3 Nf6 7. Nh3 Nd5 8. Bd3 e6 9. O-O Bd6 10. Re1 Nd7 11. Ng5 Qc7 12. c4 N5f6 13. c5 Be7 14.
Bxg6 hxg6 15. Qf3 Nf8 16. Bf4 Qd7 17. Rad1 N8h7 18. N5e4 O-O 19. Nd6 Rad8 20. Nge4 Nxe4 21. Qxe4 Nf6 22. Qf3 Nd5 23. Bg3 Bxd6 24. Bxd6 Rfe8 25.
h4 Ne7 26. g4 Nd5 27. h5 gxh5 28. gxh5 f6 29. Re4 Qf7 30. Rg4 Rd7 31. Rg6 Ne7 32. Bxe7 Rexe7 33. Qg3 Kh7 34. Rd3 Rd5 35. Qg4 e5 36.
Rg3 Rxd4 37. Qf5 Kh8 38. h6 Rh4 39. hxg7+ Kg8 40. Rxf6 1-0

[Event "*** SCC Grand Prix: Titled Tuesday Blitz"]
[Site "Chess.com"]
[Date "2020.06.09"]
[Round "3"]
[White "DortmundCity"]
[Black "obliviate12"]
[Result "0-1"]
[WhiteElo "2588"]
[BlackElo "2811"]
[TimeControl "180+1"]
[EndTime "9:29:12 PDT"]
[Termination "obliviate12 won by resignation"]

1. e4 c6 2. d4 d5 3. e5 c5 4. dxc5 e6 5. Nf3 Bxc5 6. Bd3 Ne7 7. O-O Ng6 8. a3 Qc7 9. b4 Be7 10. Bb2 a5 11. b5 Nd7 12. Re1 Nc5 13. a4 O-O 14.
Nbd2 b6 15. Nb3 Bb7 16. Nxc5 bxc5 17. c4 d4 18. Be4 f6 19. Bxb7 Qxb7 20. exf6 Rxf6 21.
Ra3 Raf8 22. Bc1 e5 23. Bg5 Rxf3 24. Bxe7 Rxa3 25. Bxf8 Kxf8 26. Qg4 d3 27. Qg5 Qd7 28.
Qe3 Qd4 29. Qf3+ Nf4 30. Qa8+ Kf7 31. Qa7+ Kg6 32. Qb6+ Kh5 33. g4+ Kxg4 34. Qb7 e4 35. Qd7+ Qxd7 0-1

[Event "*** SCC Grand Prix: Titled Tuesday Blitz"]
[Site "Chess.com"]
[Date "2020.06.09"]
[Round "3"]
[White "kuban1991"]
[Black "Harry_Rakkel"]
[Result "1-0"]
[WhiteElo "2783"]
[BlackElo "2517"]
[TimeControl "180+1"]
[EndTime "9:29:12 PDT"]
[Termination "kuban1991 won on time"]

1. Nf3 d5 2. g3 c6 3. Bg2 Bg4 4. Ne5 Bf5 5. d4 Nf6 6. O-O Nbd7 7. c4 e6 8. Nc3 Nxe5 9. dxe5 Nd7 10. cxd5 cxd5 11. Qa4 a6 12. e4 b5 13. Qd1 dxe4 14.
Nxe4 Nxe5 15. Bf4 Nd3 16. Bd6 Bxd6 17. Nxd6+ Qxd6 18. Bxa8 O-O 19. Bg2 e5 20. Qe2 Qd4 21. Rad1 Rc8 22. Rd2 e4 23. Rfd1 h6 24. h3 Bg6 25.
Kh2 f5 26. b3 Rf8 27. Rxd3 exd3 28. Rxd3 Qf6 29. f4 Re8 30. Qd2 Bf7 31. h4 Kh7 32. Rd6 Re6 33. Rd7 Bh5 34. Bf1 Qa1 35. Bd3 Bg4 36. Rd5 Re1 37. Qg2 Kg6 38. h5+ Kh7 39. Rxf5 1-0

[Event "*** SCC Grand Prix: Titled Tuesday Blitz"]
[Site "Chess.com"]
[Date "2020.06.09"]
[Round "3"]
[White "gross-aleks"]
[Black "LittlePeasant"]
[Result "0-1"]
[WhiteElo "2597"]
[BlackElo "2813"]
[TimeControl "180+1"]
[EndTime "9:29:14 PDT"]
[Termination "LittlePeasant won by checkmate"]

1. c4 c5 2. g3 Nc6 3. Bg2 g6 4. Nc3 Bg7 5. d3 d6 6. Rb1 Bd7 7. a3 a5 8. Nf3 Nh6 9. e4 O-O 10. O-O Ng4 11. Nd5 e6 12. Ne3 Nge5 13. Nc2 Rb8 14. b4 axb4 15. axb4 b5 16. Nxe5 Nxe5 17. bxc5 bxc4 18. Rxb8 Qxb8 19. dxc4 Ba4 20. Qe2 dxc5 21.
f4 Qb3 22. Ne3 Nc6 23. e5 Nd4 24. Qf2 f6 25. exf6 Bxf6 26. Ng4 Bg7 27. Kh1 Qxc4 28.
Be3 h5 29. Rc1 Qd3 30. Bxd4 Bxd4 31. Qa2 Bb3 32. Nf2 Qe3 33. Qb1 Kg7 34. Nh3 Bd5 35. Re1 Bxg2+ 36. Kxg2 Qd2+ 37. Kh1 Rb8 38. Qe4 Rb2 39.
Re2 Qd1+ 40. Ng1 Qxg1# 0-1

[Event "*** SCC Grand Prix: Titled Tuesday Blitz"]
[Site "Chess.com"]
[Date "2020.06.09"]
[Round "3"]
[White "eCztery"]
[Black "Firegrizzly"]
[Result "1-0"]
[WhiteElo "2415"]
[BlackElo "2582"]
[TimeControl "180+1"]
[EndTime "9:29:14 PDT"]
[Termination "eCztery won by checkmate"]

1. e4 Nf6 2. Nc3 d6 3. d4 g6 4. f4 Bg7 5. Nf3 O-O 6. Bd3 c5 7. dxc5 dxc5 8. e5 Nd5 9. Nxd5 Qxd5 10. Qe2 Nc6 11. O-O Bf5 12. Bxf5 gxf5 13. Be3 b6 14. Ng5 e6 15. Rfd1 Nd4 16. Bxd4 cxd4 17. Nf3 Qe4 18. Qxe4 fxe4 19. Nxd4 Rac8 20. c3 Rfe8 21. Kf2 f6 22.
exf6 Bxf6 23. Ke3 e5 24. Nf5 exf4+ 25. Kxf4 Rc5 26. Rd7 a5 27. Re1 e3 28. Rxe3 Bg5+ 29. Kxg5 Rxe3 30. Kf6 Rc6+ 31. Kg5 Rg6+ 32. Kf4 Re2 33.
Ne7+ Kf7 34. Nxg6+ Kxg6 35. Rd6+ Kf7 36. Rxb6 a4 37. g4 Rxh2 38. Kg5 a3 39. bxa3 Rxa2 40. Rb7+ Kg8 41. c4 Rxa3 42. c5 Rc3 43. Rc7 Rc4 44. Kf5 h6 45. c6 Kf8 46. Ke5 Rxg4 47. Rh7 Rc4 48. c7 Kg8 49. Rd7 h5 50. Rd8+ Kg7 51.
c8=Q Rxc8 52. Rxc8 Kg6 53. Kf4 h4 54. Kg4 Kf6 55.
Kxh4 Ke5 56. Rg8 Ke4 57. Rg5 Ke3 58. Kg4 Kf2 59. Rf5+ Kg2 60. Rf3 Kh2 61. Rf2+ Kg1 62.
Kg3 Kh1 63. Rf1# 1-0

[Event "*** SCC Grand Prix: Titled Tuesday Blitz"]
[Site "Chess.com"]
[Date "2020.06.09"]
[Round "3"]
[White "killer311"]
[Black "AlexOstrovskiy"]
[Result "0-1"]
[WhiteElo "2382"]
[BlackElo "2585"]
[TimeControl "180+1"]
[EndTime "9:29:14 PDT"]
[Termination "AlexOstrovskiy won by resignation"]

1. d4 e6 2. c4 b6 3. Nc3 Bb7 4. Nf3 Bb4 5. e3 f5 6. Bd3 Nf6 7. O-O Bxc3 8. bxc3 O-O 9. Qc2 d6 10. Re1 Nbd7 11. Nd2 Qe8 12. e4 fxe4 13. Nxe4 e5 14. Bg5 Qh5 15. Bxf6 gxf6 16. Qe2 Qxe2 17. Rxe2 Rae8 18.
Rae1 f5 19. Ng5 h6 20. Nh3 f4 21. f3 c5 22. Nf2 Rc8 23. Be4 Ba6 24. Bd5+ Kg7 25.
Ne4 cxd4 26. Nxd6 dxc3 27. Nxc8 Rxc8 28. Be6 Rc7 29. Bxd7 Rxd7 30. Rxe5 c2 31. Re7+ Rxe7 32. Rxe7+ Kf6 33. Re1 Bxc4 34. Rc1 Bd3 35. Kf2 Ke5 36.
Ke1 Kd4 37. Kd2 b5 38. Re1 a5 39. Re8 b4 40. Rd8+ Kc4 41. Rc8+ Kd4 42. Ra8 Bf1 43. Rxa5 Bxg2 44. Rf5 Bxf3 45. Rxf4+ Be4 46. Rh4 Ke5 47. Rxh6 Kd4 48. Rh8 Kc4 49. Rc8+ Kb5 50. h4 Ka4 51. Rc7 Ka3 52. Ra7+ Kb2 53. Rc7 Kxa2 54. h5 b3 55.
h6 b2 56. Ra7+ Kb1 57. h7 c1=Q+ 58. Ke2 Bxh7 59. Rxh7 Qc2+ 0-1

[Event "*** SCC Grand Prix: Titled Tuesday Blitz"]
[Site "Chess.com"]
[Date "2020.06.09"]
[Round "3"]
[White "Guenplen"]
[Black "AndrewMaco"]
[Result "1/2-1/2"]
[WhiteElo "2910"]
[BlackElo "2672"]
[TimeControl "180+1"]
[EndTime "9:29:15 PDT"]
[Termination "Game drawn by repetition"]

1. d4 Nf6 2. Bf4 d5 3. e3 e6 4. Nd2 Bd6 5. Bg3 O-O 6. Ngf3 c5 7. c3 Qc7 8. dxc5 Qxc5 9. Bd3 Nbd7 10. Qe2 h6 11. e4 dxe4 12. Bxe4 Bxg3 13. hxg3 Rb8 14. O-O b6 15. Rfd1 Qc7 16. Nb3 Nxe4 17. Qxe4 Bb7 18. Qf4 Qxf4 19. gxf4 Nf6 20. Ne5 Rfd8 21. Nd4 a6 22.
Ndc6 Rxd1+ 23. Rxd1 Bxc6 24. Nxc6 Re8 25. c4 Kf8 26. b3 Rc8 27. Ne5 Ke7 28. f3 Rc7 29.
Kf2 Nd7 30. Ke3 Nc5 31. g4 Nb7 32. g5 h5 33. g6 f6 34. Nf7 a5 35. f5 Rc5 36. fxe6 Kxe6 37. Ke4 h4 38. f4 Rh5 39.
Rh1 h3 40. Rh2 f5+ 41. Kf3 Kf6 42. Ne5 Nc5 43. Kg3 Ne4+ 44. Kf3 Nc5 45. Kg3 Ne4+ 46. Kf3 Nc5 1/2-1/2

[Event "*** SCC Grand Prix: Titled Tuesday Blitz"]
[Site "Chess.com"]
[Date "2020.06.09"]
[Round "3"]
[White "BogdanBelyakov89"]
[Black "LiemLe"]
[Result "1/2-1/2"]
[WhiteElo "2623"]
[BlackElo "2899"]
[TimeControl "180+1"]
[EndTime "9:29:15 PDT"]
[Termination "Game drawn by agreement"]

1. e4 c6 2. d4 d5 3. exd5 cxd5 4. c4 Nf6 5. Nc3 e6 6. Nf3 Nc6 7. cxd5 Nxd5 8. Bd3 Be7 9. O-O O-O 10. Qe2 Re8 11.
a3 Bf6 12. Qe4 g6 13. Bh6 b6 14. Rfe1 Bb7 15. Nxd5 Qxd5 16. Qf4 Bh8 17. Be4 Qd8 18. Bxc6 Bxc6 19. Ne5 Bxe5 20. dxe5 f5 21. exf6 Kf7 22. Rad1 Qxf6 23. Qc7+ Kg8 24. Qxc6 g5 25. Rd6 Rac8 26. Qb7 Qxh6 27. h3 Qg7 28. Qxg7+ Kxg7 29. Rdxe6 Rxe6 30. Rxe6 Rc1+ 31. Kh2 Rc2 32. Re7+ Kg6 33. b4 Rxf2 34. Rxa7 Ra2 35. Ra6 Kf5 36. Rxb6 Rxa3 37. b5 h5 38. Rb8 Rb3 39. b6 Kg6 40. Kg1 Rb2 41. b7 Kg7 42. g4 hxg4 43. hxg4 Kh7 44. Kf1 Kg7 45.
Ke1 Kh7 46. Kd1 Kg7 47. Kc1 1/2-1/2

[Event "*** SCC Grand Prix: Titled Tuesday Blitz"]
[Site "Chess.com"]
[Date "2020.06.09"]
[Round "3"]
[White "pooh2012"]
[Black "davidkalashian"]
[Result "1-0"]
[WhiteElo "2423"]
[BlackElo "2594"]
[TimeControl "180+1"]
[EndTime "9:29:15 PDT"]
[Termination "pooh2012 won on time"]

1. d4 Nf6 2. Nc3 d5 3. Bf4 c6 4. e3 g6 5. h4 Bg7 6. Qd2 h5 7.
f3 Qb6 8. Na4 Qd8 9. Ne2 Bf5 10.
Ng3 Nbd7 11. Nxf5 gxf5 12. Bd3 e6 13. Qb4 Nb6 14. Nc5 Bf8 15. Qc3 Qc8 16. Be5 Be7 17.
O-O-O Rg8 18. Rdg1 Nfd7 19. Nxd7 Nxd7 20. Bf4 a6 21. g4 fxg4 22. fxg4 hxg4 23. h5 f5 24. h6 Nf6 25. Be5 Nh7 26. Bg7 Qd7 27. Rxg4 Bf8 28. Rg2 O-O-O 29. Rhg1 Qe7 30. Qe1 Re8 31. Qf2 Rd8 32. Qf4 Qf7 33. Rg6 Bd6 34. Qf3 Rde8 35. Qg2 Kb8 36. Be5 Bxe5 37. Rxg8 Bf6 38. Rxe8+ Qxe8 39. Qg6 Qe7 40. Qg8+ Ka7 41. Rg7 Bxg7 42. hxg7 Nf6 43. Qf8 1-0

[Event "*** SCC Grand Prix: Titled Tuesday Blitz"]
[Site "Chess.com"]
[Date "2020.06.09"]
[Round "3"]
[White "kirillgenius"]
[Black "Gahan-MG"]
[Result "0-1"]
[WhiteElo "2271"]
[BlackElo "2533"]
[TimeControl "180+1"]
[EndTime "9:29:16 PDT"]
[Termination "Gahan-MG won on time"]

1. e4 c5 2. Nf3 e6 3. Nc3 a6 4. d4 cxd4 5. Nxd4 b5 6. g3 Bb7 7. Bg2 Qc7 8. O-O Nf6 9. Re1 d6 10. f4 Nbd7 11. a3 Be7 12. e5 dxe5 13. fxe5 Nxe5 14.
Bf4 Bxg2 15. Bxe5 Qb7 16. Qe2 Bh3 17. Nf3 Bg4 18. Kg2 O-O 19. h3 Bf5 20. g4 Bg6 21. Rad1 Rfd8 22. Rxd8+ Rxd8 23. Rd1 Nd5 24. Nxd5 Rxd5 25.
Rxd5 Qxd5 26. c3 Be4 27. Bd4 Bd6 28. Kf2 h6 29. Nd2 Bg6 30. Qf3 Qxf3+ 31. Nxf3 f6 32. Be3 Kf7 33. Nd4 Be4 34. Nb3 g5 35. Nc5 Bxc5 36.
Bxc5 a5 37. Bb6 a4 38. Kg3 e5 39. Bc5 Bg6 40. Kf3 Ke6 41. Bf8 h5 42. Bc5 h4 43.
Bf8 f5 44. Bh6 Kf6 45. Bf8 e4+ 46. Ke2 f4 47. Bc5 e3 48. Kf3 Bc2 49. Ba7 Bd1+ 50. Kg2 Ke5 0-1

[Event "*** SCC Grand Prix: Titled Tuesday Blitz"]
[Site "Chess.com"]
[Date "2020.06.09"]
[Round "3"]
[White "CzechmVIII"]
[Black "ehrenfeld"]
[Result "0-1"]
[WhiteElo "2170"]
[BlackElo "2501"]
[TimeControl "180+1"]
[EndTime "9:29:17 PDT"]
[Termination "ehrenfeld won by resignation"]

1. e4 e5 2. Nf3 Nc6 3. Bb5 a6 4. Ba4 Nf6 5. O-O Be7 6. Re1 b5 7. Bb3 d6 8. c3 O-O 9. h3 Na5 10. Bc2 c5 11. d4 Qc7 12. Nbd2 Bd7 13. Nf1 Rfe8 14. dxe5 dxe5 15. N3h2 c4 16. Ng3 Nb7 17. Nf5 Bxf5 18. exf5 Rad8 19. Qf3 Nc5 20. g4 h6 21. h4 e4 22. Qg2 Nd3 23. Rf1 Nd5 24. g5 hxg5 25.
hxg5 Bc5 26. Bxd3 cxd3 27. f6 e3 28. fxe3 Nxe3 29. Bxe3 Rxe3 30. Kh1 Rg3 31. Qe4 Rxg5 32. fxg7 Rh5 33. Qf4 Qxf4 34. Rxf4 d2 35. Rd1 Rd3 36.
Kg2 Rxh2+ 37. Kf1 Rh1+ 38. Ke2 Rxd1 39. Kxd1 Be3 40. Rf3 Kxg7 41. Rxe3 Rxe3 42. Kxd2 Re6 43. c4 Kf6 44. b3 Ke5 45. cxb5 Kf4 46. a4 axb5 47. a5 b4 48. Kd3 Ra6 49. Kc4 Rxa5 50. Kxb4 Ra8 51. Kc5 Ke4 52. b4 f5 53. b5 Rb8 54. b6 Rxb6 55. Kxb6 f4 56. Kc6 f3 0-1

[Event "*** SCC Grand Prix: Titled Tuesday Blitz"]
[Site "Chess.com"]
[Date "2020.06.09"]
[Round "3"]
[White "Sanan_Sjugirov"]
[Black "Oglob71"]
[Result "0-1"]
[WhiteElo "2774"]
[BlackElo "2547"]
[TimeControl "180+1"]
[EndTime "9:29:18 PDT"]
[Termination "Oglob71 won on time"]

1. e4 c5 2. Nf3 d6 3. Bb5+ Bd7 4. Bxd7+ Qxd7 5. O-O Nc6 6. c3 Nf6 7. d4 cxd4 8. cxd4 d5 9. e5 Ne4 10. Be3 e6 11.
Ne1 h6 12. f3 Ng5 13. Nd3 Be7 14. Nc3 O-O 15. Qe2 Rac8 16. Rad1 Nb4 17. Nf4 Nh7 18. Nh5 Rc4 19. f4 g6 20. Ng3 Rfc8 21. Nh1 Bf8 22. g4 Qe7 23. Ng3 Qh4 24. Kg2 Be7 25. Bf2 Bf8 26. h3 Qd8 27. f5 Ng5 28. Be3 Ne4 29. Ngxe4 dxe4 30. fxg6 fxg6 31. Nxe4 Rc2 32. Rd2 Rxd2 33.
Bxd2 Nd5 34. Qf3 Qe7 35. Rf2 Bg7 36. Qb3 Rf8 37. Rxf8+ Bxf8 38. Qd3 Kh7 39. a3 Bg7 40. Qf3 Qd7 41. Qd3 Nb6 42. Kg3 Qf7 43. h4 Nd5 44.
Nd6 Qf8 45. h5 Ne7 46. hxg6+ Nxg6 47. Be3 Qe7 48. Bf2 Qh4+ 49. Kf3 Qh1+ 50. Ke2 Qg2 51.
Qg3 Qd5 52. Kd2 Bxe5 0-1

[Event "*** SCC Grand Prix: Titled Tuesday Blitz"]
[Site "Chess.com"]
[Date "2020.06.09"]
[Round "3"]
[White "Belka1989"]
[Black "chito89"]
[Result "1/2-1/2"]
[WhiteElo "2457"]
[BlackElo "2733"]
[TimeControl "180+1"]
[EndTime "9:29:19 PDT"]
[Termination "Game drawn by agreement"]

1. e4 e5 2. d4 exd4 3. Bc4 Nf6 4. Nf3 Nc6 5. O-O Nxe4 6. Nc3 Nd6 7. Re1+ Be7 8. Nd5 Nxc4 9. Nxe7 Nxe7 10. Qxd4 O-O 11.
Qxc4 d5 12. Qc3 Ng6 13. Be3 b6 14. a4 c5 15. Qd2 d4 16. Bf4 Bb7 17. Ne5 Qd5 18.
f3 Nxf4 19. Qxf4 Rae8 20. Rad1 Re7 21. Nd3 Rxe1+ 22. Rxe1 Qc4 23. Ne5 Qxa4 24. Nxf7 Qd7 25. Nh6+ gxh6 26. Qh4 Re8 27. Rd1 Qe6 28. Qg3+ Kh8 29. h4 Qe3+ 30. Kh2 Rg8 31. Qd6 Qe8 32. Qf6+ Rg7 33. Re1 Qb8+ 34. Kh1 Bxf3 35. Re7 Bxg2+ 36. Kg1 Qg8 37. Rxg7 Qxg7 38. Qd8+ Qg8 39. Qf6+ 1/2-1/2

[Event "*** SCC Grand Prix: Titled Tuesday Blitz"]
[Site "Chess.com"]
[Date "2020.06.09"]
[Round "3"]
[White "babyking1205"]
[Black "Dmitry_Konenkin"]
[Result "0-1"]
[WhiteElo "2553"]
[BlackElo "2390"]
[TimeControl "180+1"]
[EndTime "9:29:19 PDT"]
[Termination "Dmitry_Konenkin won by resignation"]

1. e4 d6 2. d4 Nf6 3. Nc3 e5 4. dxe5 dxe5 5. Qxd8+ Kxd8 6. Bg5 Be6 7. O-O-O+ Nd7 8. Nf3 Bd6 9. Bb5 Kc8 10. Bxd7+ Nxd7 11. Nb5 Bc5 12. Rhf1 f6 13. Be3 Bxe3+ 14. fxe3 Bc4 15. Nc3 Bxf1 16. Rxf1 c6 17. g4 h6 18. Nh4 Kc7 19. Nf5 h5 20. gxh5 Rxh5 21. Nxg7 Rxh2 22. Nf5 Rg8 23.
Kb1 Rgg2 24. Rc1 b5 25. b4 a5 26. a3 axb4 27. axb4 Nb6 28. Kb2 Nc4+ 29. Kb3 Rh3 30. Rd1 Nxe3 31. Rd3 Nxf5 32. Rxh3 Nd4+ 33. Kb2 Rxc2+ 34.
Kb1 Rf2 35. Rh7+ Kb6 36. Rf7 Ne2 37. Nd1 Rf4 38. Kc2 Ng3 39. Kd3 Nxe4 40. Ne3 Nd6 41. Rd7 Rd4+ 42. Ke2 Nc4 43. Nxc4+ Rxc4 44. Rf7 Rxb4 45.
Rxf6 e4 46. Ke3 Rc4 47. Rf8 b4 48. Rb8+ Kc5 49. Rb7 Rc3+ 50. Kxe4 Kc4 0-1

[Event "*** SCC Grand Prix: Titled Tuesday Blitz"]
[Site "Chess.com"]
[Date "2020.06.09"]
[Round "3"]
[White "HElissalt"]
[Black "willc-h99"]
[Result "0-1"]
[WhiteElo "2217"]
[BlackElo "2437"]
[TimeControl "180+1"]
[EndTime "9:29:19 PDT"]
[Termination "willc-h99 won on time"]

1. d4 Nf6 2. c4 c5 3. d5 b5 4. cxb5 a6 5. e3 e6 6. Nc3 Bb7 7. e4 axb5 8. Bxb5 Qa5 9. Qe2 Be7 10. Bd2 O-O 11. e5 Ne8 12. Nf3 Qb6 13. Bc4 Na6 14.
O-O Nb4 15. d6 Bd8 16. Ne4 f6 17. a3 Nd5 18. b4 cxb4 19. axb4 fxe5 20. Rxa8 Bxa8 21.
Nc5 Qxd6 22. Nxe5 Nef6 23. f4 Bb6 24. Kh1 Bxc5 25. bxc5 Qxc5 26. Bd3 Ne7 27. Rc1 Qd5 28.
Nf3 Ng4 29. Bb4 d6 30. Bc4 Qh5 31. Bxe6+ Kh8 32. h3 Nh6 33. Bxd6 Nef5 34. Bxf5 Nxf5 35. Be5 Ng3+ 36. Kh2 Nxe2 37. Rc7 Rg8 38. Ng5 Bd5 39. Rd7 Ba2 40. g4 Qe8 0-1

[Event "*** SCC Grand Prix: Titled Tuesday Blitz"]
[Site "Chess.com"]
[Date "2020.06.09"]
[Round "3"]
[White "Mbneu"]
[Black "Oligan22"]
[Result "1-0"]
[WhiteElo "2226"]
[BlackElo "2396"]
[TimeControl "180+1"]
[EndTime "9:29:19 PDT"]
[Termination "Mbneu won by resignation"]

1. d4 d5 2. c4 dxc4 3. Nf3 a6 4. e4 b5 5. a4 Bb7 6. axb5 axb5 7. Rxa8 Bxa8 8. Nc3 b4 9. Na2 Bxe4 10. Bxc4 e6 11. O-O Nf6 12. Ne5 Bd6 13. Nxb4 O-O 14. Nbd3 Nbd7 15. Bg5 h6 16. Bh4 Nb6 17. Bb3 Be7 18.
Nc5 Bd5 19. Bc2 Nfd7 20. Qd3 f5 21. Bxe7 Qxe7 22. Ng6 Qd6 23. Nxf8 Kxf8 24. Re1 Nxc5 25. dxc5 Qxc5 26. Qc3 Qxc3 27. bxc3 Kf7 28. f3 Bc4 29. Kf2 Nd5 30. Ra1 Nxc3 31. Ra7 Nd5 32. Ba4 Ke7 33. Bc6 Kd6 34. Bxd5 Bxd5 35. Ke3 g5 36. g3 h5 37. f4 gxf4+ 38. gxf4 h4 39. Ra6+ Kc5 40. Ra7 Kb6 41.
Ra1 h3 42. Rg1 c5 43. Rg3 Bg2 44. Rg6 Bd5 45. Rh6 Kb5 46. Rxh3 Kb4 47. Kd2 c4 48. Rc3 Kc5 49. h4 Kd4 50. h5 e5 51. h6 Bg8 52.
Rg3 c3+ 53. Rxc3 exf4 54. Rc8 Bh7 55. Rc7 Bg6 56. Rg7 f3 57. Rxg6 1-0